 Dungeon Crawl Stone Soup version bcrawl-1.27.3 (webtiles) character file.

Game seed: 18240948442608819700

117913 Freyura the Ducker (level 3, -3/31 HPs)
             Began as a Gnoll Gladiator on Aug 1, 2020.
             Slain by Sigmund
             ... wielding a +0 scythe
              (8 damage)
             ... on level 2 of the Dungeon.
             The game lasted 00:02:09 (930 turns).

Freyura the Ducker (Gnoll Gladiator)                 Turns: 930, Time: 00:02:10

Health: -3/31      AC:  6    Str: 16    XL:     3   Next: 25%
Magic:  3/3        EV: 21    Int: 15    God:
Gold:   61         SH:  0    Dex: 22    Spells: 3/3 levels left

rFire    + . .     SeeInvis .   a - +0 quarterstaff
rCold    . . .     Gourm    .   (shield currently unavailable)
rNeg     . . .     Faith    .   g - +0 ring mail
rPois    .         Spirit   .   c - +0 helmet
rElec    .         Reflect  .   (no cloak)
rCorr    .         Harm     .   (no gloves)
MR       .....                  (no boots)
Stlth    +.........             (no amulet)
HPRegen  0.10/turn              h - ring of protection from fire
MPRegen  0.08/turn              (no ring)

@: confused, brilliant, agile
A: distributed training, fangs 1, strong nose
a: no special abilities


You were on level 2 of the Dungeon.
You were hungry.

You visited 1 branch of the dungeon, and saw 2 of its levels.

You collected 61 gold pieces.

Inventory:

Hand Weapons
 a - a +0 quarterstaff (weapon)
Missiles
 d - 3 throwing nets {=f}
Armour
 c - a +0 helmet (worn)
 g - a +0 ring mail (worn)
Jewellery
 h - a ring of protection from fire (left hand)
Scrolls
 b - 2 scrolls of remove curse
 i - a scroll of identify
 j - 2 scrolls of teleportation {unknown}
Comestibles
 e - 2 rations {!d}


   Skills:
 + Level 4.5 Fighting
 + Level 0.6 Short Blades
 + Level 0.6 Long Blades
 + Level 0.6 Axes
 + Level 0.6 Maces & Flails
 + Level 0.6 Polearms
 + Level 6.5 Staves
 + Level 0.6 Slings
 + Level 0.6 Bows
 + Level 0.6 Crossbows
 + Level 4.5 Throwing
 + Level 0.6 Armour
 + Level 6.5 Dodging
 + Level 0.6 Stealth
 + Level 0.6 Shields
 + Level 0.6 Unarmed Combat
 + Level 0.6 Spellcasting
 + Level 0.4 Conjurations
 + Level 0.4 Hexes
 + Level 0.4 Charms
 + Level 0.4 Summonings
 + Level 0.4 Necromancy
 + Level 0.4 Translocations
 + Level 0.4 Transmutations
 + Level 0.4 Fire Magic
 + Level 0.4 Ice Magic
 + Level 0.4 Air Magic
 + Level 0.4 Earth Magic
 + Level 0.4 Poison Magic
 + Level 0.8 Invocations
 + Level 0.6 Evocations


You had 3 spell levels left.
You didn't know any spells.
Your spell library was empty.

Dungeon Overview and Level Annotations

Branches:
Dungeon (2/12)

Altars:

Annotations:
D:2 Sigmund


Innate Abilities, Weirdness & Mutations

Your experience applies equally to all skills.
You have very sharp teeth.
Your uncanny sense of smell can sniff out nearby items.


Message History

You feel less confused. Something hits you but does no damage.
It was a potion of brilliance.
You feel clever all of a sudden.
It was a potion of curing.
You feel better.
Sigmund appears from thin air!
Reactivating autopickup.
Sigmund misses you.
You barely miss Sigmund. You bite Sigmund, but do no damage.
Sigmund is severely wounded.
Sigmund gestures at you while chanting. The magic dart hits you.
* * * LOW HITPOINT WARNING * * *
You hit Sigmund.
Sigmund is almost dead.
Sigmund points at you and mumbles some strange words.
You are confused.
You're too confused to move!
Sigmund completely misses you.
You bump into the rock wall.
You bump into the rock wall.
Sigmund hits you with a +0 scythe!
You die...

∆ #...........
#........^..
#..........>
#...........
#..........>
#.#.#######. #
#.#.# #
#.###.#.# #.##
#.@@..#.# #.#.
#######.# ...
#.# #.###. #.#
#.....
#.###########.
#......# ##
######.# #.#
#.#


You could see Sigmund.

Vanquished Creatures
  2 worms (D:1)
  2 dart slugs (D:1)
  2 leopard geckos (D:1)
  A giant cockroach (D:1)
  A goblin (D:1)
  2 hobgoblins (D:1)
  5 bats (D:1)
  3 frilled lizards (D:1)
  2 kobolds (D:1)
  3 rats (D:1)
23 creatures vanquished.

Notes
Turn   | Place    | Note
-------+----------+-------------------------------------------
     0 | D:1      | Freyura the Gnoll Gladiator began the quest for the Orb.
     0 | D:1      | Reached XP level 1. HP: 20/20 MP: 1/1
   151 | D:1      | Reached XP level 2. HP: 13/26 MP: 2/2
   398 | D:1      | Reached XP level 3. HP: 31/31 MP: 3/3
   891 | D:2      | Noticed Sigmund
   922 | D:2      | HP: 1/31 [something (4)]
   930 | D:2      | Slain by Sigmund

Action                   || total
-------------------------++-------
Melee: Quarterstaff      ||    87
       Bite              ||    10
  Use: Potion            ||     3
       Scroll            ||     2
  Eat: Chunk             ||     1
Armor: Ring mail         ||    20
Dodge: Dodged            ||    73
